 Dungeon Crawl Stone Soup version 0.25-a0-292-gaa31f046c4 (webtiles) character file.

Game seed: 8889702015782103572, levelgen mode: classic

108537 Borgoz the Slicer (level 16, -1/101 HPs)
             Began as a Gargoyle Assassin on Dec 15, 2019.
             Was the Champion of Okawaru.
             Killed by divine providence
             ... invoked by an orc high priest
              (14 damage)
             ... on level 2 of the Orcish Mines.
             The game lasted 00:59:40 (24962 turns).

Borgoz the Slicer (Gargoyle Assassin)              Turns: 24962, Time: 00:59:41

Health: -1/101     AC: 39    Str: 15    XL:     16   Next: 49%
Magic:  23/23      EV: 19    Int: 14    God:    Okawaru [******]
Gold:   1923       SH:  5    Dex: 16    Spells: 20/20 levels left

rFire    + . .     SeeInvis .   a - +9 quick blade (protect)
rCold    + . .     Gourm    .   k - +0 buckler
rNeg     + . .     Faith    .   N - +5 ring mail {rF+}
rPois    ∞         Spirit   .   y - +0 helmet
rElec    +         Reflect  .   c - +0 cloak
rCorr    .         Harm     .   F - +0 pair of gloves of Osajoxyph {rPois Slay+3}
MR       +....                  w - +2 pair of boots {Stlth+}
Stlth    ++++......             l - amulet of regeneration
HPRegen  0.66/turn              J - +4 ring of slaying
MPRegen  0.18/turn              S - ring of protection from cold

@: protection aura, flying, very slightly contaminated, invisible
A: big wings, mutation resistance 1, negative energy resistance 1, electricity
resistance, unbreathing, petrification resistance, rot immunity, subdued magic
1, AC +12
a: Stop Flying, Heroism, Finesse, Renounce Religion


You were on level 2 of the Orcish Mines.
You worshipped Okawaru.
Okawaru was exalted by your worship.
You were not hungry.

You visited 4 branches of the dungeon, and saw 24 of its levels.
You also visited: Ossuary, Bailey and Ice Cave.

You collected 2519 gold pieces.
You spent 596 gold pieces at shops.

Inventory:

Hand Weapons
 a - a +9 quick blade of protection (weapon)
 b - the +6 rapier of Defence {speed, rPois}
   (Okawaru gifted it to you on level 6 of the Lair of Beasts)

   Attacks with this weapon are significantly faster.
   It protects you from poison.
Armour
 c - a +0 cloak (worn)
 k - a +0 buckler (worn)
 o - a +2 plate armour of magic resistance
 w - a +2 pair of boots of stealth (worn)
 y - a +0 helmet (worn)
 B - a +0 plate armour of cold resistance
 F - the +0 pair of gloves of Osajoxyph (worn) {rPois Slay+3}
   (Okawaru gifted it to you on level 11 of the Dungeon)

   It affects your accuracy and damage with ranged weapons and melee attacks
   (+3).
   It protects you from poison.
 N - a +5 ring mail of fire resistance (worn)
 O - +0 fire dragon scales
 V - +0 acid dragon scales
Jewellery
 l - an amulet of regeneration (around neck)
 J - a +4 ring of slaying (left hand)
 S - a ring of protection from cold (right hand)
Wands
 C - a wand of digging (10)
 G - a wand of paralysis (8)
 R - a wand of scattershot (1)
 T - a wand of iceblast (21)
 W - a wand of disintegration (12)
Scrolls
 e - a scroll of amnesia
 g - 13 scrolls of teleportation
 i - 3 scrolls of fog
 m - 8 scrolls of remove curse
 p - 3 scrolls of fear
 q - 12 scrolls of identify
 r - 3 scrolls of blinking
 x - a scroll of magic mapping
 I - a scroll of silence
 U - 2 scrolls of summoning
Potions
 d - 3 potions of agility
 n - 8 potions of curing
 s - 6 potions of might
 t - 9 potions of heal wounds
 z - 3 potions of haste
 A - 2 potions of resistance
 H - 4 potions of cancellation
 K - 6 potions of berserk rage
Comestibles
 f - 42 rations
 j - 20 chunks of flesh


   Skills:
 + Level 11.9 Fighting
 * Level 12.6 Short Blades
 - Level 1.7 Throwing
 + Level 11.7 Armour
 * Level 11.8 Dodging
 - Level 10.0 Stealth
 - Level 5.3 Shields
 - Level 2.5 Spellcasting
   Level 2.5 Hexes
 + Level 9.3 Invocations
 + Level 7.7 Evocations


You had 20 spell levels left.
You didn't know any spells.
Your spell library contained the following spells:

 Spells                   Type           Power        Failure   Level  Hunger
 Slow                     Hex            #.......     17%         2    ###....
 Foxfire                  Conj/Fire      #...         32%         1    #......
 Freeze                   Ice            #...         32%         1    #......
 Infusion                 Chrm           #...         32%         1    #......
 Magic Dart               Conj           #...         32%         1    #......
 Summon Small Mammal      Summ           #...         32%         1    #......
 Blink                    Tloc           N/A          45%         2    ###....
 Call Imp                 Summ           #.......     45%         2    ###....
 Shroud of Golubria       Chrm/Tloc      #.....       45%         2    ###....
 Song of Slaying          Chrm           #.......     45%         2    ###....
 Spectral Weapon          Hex/Chrm       #.......     52%         3    ###....
 Summon Guardian Golem    Hex/Summ       #.......     52%         3    ###....
 Call Canine Familiar     Summ           #.......     71%         3    ###....
 Conjure Flame            Conj/Fire      #.......     71%         3    ###....
 Ignite Poison            Fire/Tmut/Pois #.......     71%         3    ###....
 Mephitic Cloud           Conj/Pois/Air  #.......     71%         3    ###....
 Ozocubu's Armour         Chrm/Ice       #.......     71%         3    ###....
 Regeneration             Chrm/Necr      #.........   71%         3    ###....
 Leda's Liquefaction      Hex/Erth       #.........   90%         4    #####..
 Hailstorm                Conj/Ice       #.......     98%         4    #####..
 Summon Ice Beast         Ice/Summ       #.......     98%         4    #####..
 Summon Lightning Spire   Summ/Air       #.......     98%         4    #####..
 Metabolic Englaciation   Hex/Ice        #.........   99%         5    ######.
 Bolt of Magma            Conj/Fire/Erth #.........   100%        5    ######.
 Irradiate                Conj/Tmut      #.........   100%        5    ######.
 Hydra Form               Tmut           #.........   100%        6    #######
 Iron Shot                Conj/Erth      #.........   100%        6    #######
 Ozocubu's Refrigeration  Ice            #.........   100%        6    #######
 Dragon Form              Tmut           #.........   100%        7    #######
 Shatter                  Erth           #.........   100%        9    #######
 Statue Form              Tmut/Erth      Unusable     N/A         6    N/A

Dungeon Overview and Level Annotations

Branches:
Dungeon (15/15)            Temple (1/1) D:6            Lair (6/6) D:11
  Swamp (0/4) Lair:3        Snake (0/4) Lair:2        Slime (0/5) Lair:5
    Orc (2/2) D:9             Elf (0/3) Orc:2        Vaults (0/5) D:13
 Depths (0/5) D:15        Ossuary (visited)          Bailey (visited)
  IceCv (visited)

Altars:
Ashenzari
Cheibriados
Dithmenos
Elyvilon
Fedhas
Gozag
Hepliaklqana
Kikubaaqudgha
Makhleb
Nemelex Xobeh
Okawaru
Qazlal
Ru
Sif Muna
Trog
Uskayaw
Vehumet
Wu Jian
Xom
Yredelemnul
Zin
The Shining One
Jiyva

Shops:
D:8 }([   D:12 *   Orc:1 [


Innate Abilities, Weirdness & Mutations

You are resistant to torment.
Your stone body is resilient. (AC +12)
You are immune to poison.
Your large and strong wings let you fly indefinitely.
You resist negative energy. (rN+)
You are resistant to electric shocks. (rElec)
You can survive without breathing.
You are immune to petrification.
You are immune to rotting.
You are somewhat resistant to further mutation.
Your spells are a little easier to cast, but a little less powerful.


Message History

The orc priest shouts!
You block the orc warrior's attack.
You puncture the orc high priest!
The orc high priest is severely wounded.
The orc warrior hits you with a +0 battleaxe.
The orc warrior completely misses you.
The orc high priest calls down the wrath of Beogh upon you.
Beogh smites you!
* * * LOW HITPOINT WARNING * * *
The orc knight misses you. The orc warrior completely misses you.
You closely miss the orc warrior. The orc warrior completely misses you.
The orc warrior hits you with a +0 trident!
* * * LOW HITPOINT WARNING * * *
Unknown command.
Blink to where?
Press: ? - help, Dir - move target cursor
As you read the scroll of blinking, it crumbles to dust.
The orc high priest mumbles some strange prayers to Beogh against you.
Beogh smites you!
You die...

........#
#....#...#....#*,,,*
.....#.##
#.............#*,,,*
......##
#....#...#....#*,,,*
.......#
##...........#**,,**
......##
#...#...#...# *,,,*
......#
##.........## *,,**
......## #..#...#..#
*,,,* ...#...##
##.......## *,,,*
.##.....# ###@#.###
*,,** ####.#.##
#.....# *,,* #####
###.#.### *,**
##.......## ***
#..#.3.#..#
##...o)))..##
#...#ooo#...#
*#....ooo....#*
#....#.o.#....#


You could see an orc knight, an orc high priest, a sun demon and 5 orc warriors.

Vanquished Creatures
  An acid blob (Lair:5)
  A tengu reaver (D:13)
  The ghost of Bodu the Basher, a journeyman NaFi of Ashenzari (Lair:5)
  2 orc warlords
  A very ugly thing (D:10)
  Azrael (D:14)
  Josephine (D:11)
  2 fire dragons
  5 hydras
  4 two-headed ogres
  3 centaur warriors
  The ghost of Borgoz the Slicer, a journeyman KoFi of Ashenzari (D:10)
  A dancing weapon (Lair:5)
  5 orc high priests
  A tengu warrior (D:15)
  5 skeletal warriors
  An unseen horror (shapeshifter) (D:10)
  A swamp dragon (Lair:6)
  An unseen horror (D:12)
  A glowing orange brain (D:10)
  A wizard (D:15)
  A phantasmal warrior (D:13)
  2 necromancers
  A lindwurm (D:13)
  13 ugly things
  7 orc knights
  3 orc sorcerers
  A manticore (D:14)
  2 oklob plants (Lair:5)
  A frost giant zombie (D:15)
  A salamander (shapeshifter) (D:15)
  A deep elf mage (D:12)
  3 cyclopes
  3 ice statues (IceCv)
  5 black mambas
  A black mamba (shapeshifter) (D:10)
  5 elephants (Lair:5)
  4 gargoyles
  A torpor snail (Lair:4)
  11 spiny frogs
  A yaktaur (D:13)
  A yaktaur zombie (D:15)
  2 rime drakes
  8 komodo dragons
  6 ice devils (IceCv)
  6 trolls
  9 polar bears (Lair:6)
  2 guardian mummies (D:15)
  A wind drake (shapeshifter) (D:10)
  2 hornets
  8 blink frogs
  A deep troll zombie (D:15)
  8 hippogriffs
  Grinder (D:3)
  A spriggan (D:13)
  2 centaur simulacra
  A deep troll skeleton (D:15)
  5 wyverns
  6 wraiths
  A hog (shapeshifter) (D:13)
  33 yaks
  A tarantella (shapeshifter) (D:10)
  A basilisk (shapeshifter) (D:13)
  2 basilisks
  Eustachio (D:5)
  A neqoxec (D:10)
  3 fire elementals (D:14)
  6 vampire mosquitoes
  5 hungry ghosts
  10 wargs
  A soldier ant (shapeshifter) (D:13)
  2 soldier ants
  9 water moccasins
  5 acid dragons
  19 hell hounds
  The ghost of Peppero the Ducker, an amateur FeBe of Trog (D:4)
  3 swamp drakes (Lair:6)
  16 black bears
  3 ice beasts
  50 orc warriors
  6 porcupines
  A black bear (shapeshifter) (D:13)
  2 necrophages
  4 sky beasts
  16 ogres
  2 eyes of draining
  5 phantoms
  16 wolves (Lair:6)
  16 crocodiles
  7 centaurs
  A big kobold (D:14)
  27 bullfrogs
  A wyvern skeleton (D:14)
  4 scorpions
  7 killer bees
  An electric eel (Lair:5)
  3 wights (D:11)
  7 howler monkeys
  5 crimson imps
  3 centaur zombies
  A draconian simulacrum (IceCv)
  A quasit (D:11)
  2 bullfrog skeletons
  5 hounds
  A bullfrog zombie (D:10)
  15 orc wizards
  35 orc priests
  3 centaur skeletons
  7 jellies
  Jessica (D:3)
  4 iguanas (Lair:6)
  9 worker ants
  A spriggan simulacrum (IceCv)
  2 killer bee zombies
  14 mummies (Ossuary)
  A worker ant zombie (D:5)
  2 howler monkey skeletons
  17 gnolls
  A gnoll (shapeshifter) (D:10)
  14 adders
  4 naga simulacra (IceCv)
  4 ogre simulacra (IceCv)
  3 shadow imps
  2 oozes
  4 adder skeletons
  An adder zombie (D:4)
  A worm (D:3)
  3 dart slugs
  2 leopard geckos
  117 orcs
  2 ball pythons
  9 bats
  8 giant cockroaches
  26 goblins
  24 hobgoblins
  13 jackals
  3 quokkas
  4 frilled lizards
  2 gnoll skeletons (Ossuary)
  2 goblin skeletons (Ossuary)
  11 kobolds
  3 kobold skeletons (Ossuary)
  A leopard gecko skeleton (D:4)
  An orc skeleton (Ossuary)
  A quokka zombie (D:5)
  4 rats
  11 rat skeletons (Ossuary)
  A spectral orc (D:5)
  3 fungi (D:11)
  4 plants
894 creatures vanquished.

Vanquished Creatures (others)
  A vampire mage (D:15)
  An orc warrior (Orc:2)
  An orc (Orc:1)
  19 fungi
  13 plants
35 creatures vanquished.

Grand Total: 929 creatures vanquished

Notes
Turn   | Place    | Note
-------+----------+-------------------------------------------
     0 | D:1      | Borgoz the Gargoyle Assassin began the quest for the Orb.
     0 | D:1      | Reached XP level 1. HP: 12/12 MP: 1/1
   303 | D:1      | Reached skill level 1 in Dodging
   303 | D:1      | Reached XP level 2. HP: 18/18 MP: 2/2
   361 | D:1      | Reached skill level 2 in Short Blades
   827 | D:1      | Reached skill level 1 in Armour
   953 | D:1      | Reached XP level 3. HP: 22/22 MP: 3/3
  1572 | D:2      | Found a sparkling altar of Nemelex Xobeh.
  1601 | D:2      | Reached XP level 4. HP: 27/27 MP: 4/4
  2018 | D:3      | Reached skill level 1 in Shields
  2039 | D:3      | Reached skill level 5 in Stealth
  2039 | D:3      | Reached XP level 5. HP: 32/32 MP: 5/5
  2149 | D:3      | Found a snail-covered altar of Cheibriados.
  2213 | D:3      | Noticed Grinder
  2233 | D:3      | Paralysed by Grinder for 5 turns
  2246 | D:3      | Paralysed by Grinder for 6 turns
  2274 | D:3      | Paralysed by Grinder for 2 turns
  2278 | D:3      | Killed Grinder
  2278 | D:3      | Reached XP level 6. HP: 29/37 MP: 6/6
  2446 | D:3      | Noticed Jessica
  2467 | D:3      | Reached skill level 3 in Short Blades
  2481 | D:3      | Killed Jessica
  2698 | D:4      | Found a shimmering altar of Xom.
  2790 | D:4      | Found a sand-covered staircase.
  2795 | Ossuary  | Entered an ossuary
  2878 | Ossuary  | Reached XP level 7. HP: 30/42 MP: 7/7
  3746 | D:4      | Found a runed translucent gate.
  3746 | D:4      | Found a runed translucent gate.
  3747 | D:4      | Found a runed translucent gate.
  3904 | D:5      | Entered Level 5 of the Dungeon
  3956 | D:5      | Noticed Eustachio
  3987 | D:5      | Killed Eustachio
  3987 | D:5      | Reached XP level 8. HP: 48/48 MP: 8/8
  4207 | D:4      | Noticed Peppero's ghost (amateur FeBe)
  4231 | D:4      | Killed Peppero's ghost
  4237 | D:4      | Reached skill level 4 in Short Blades
  4411 | D:5      | Reached skill level 5 in Fighting
  4512 | D:5      | Found a basalt altar of Yredelemnul.
  4874 | D:5      | Reached XP level 9. HP: 54/54 MP: 9/9
  5010 | D:6      | Found an opulent altar of Gozag.
  5234 | D:6      | Reached skill level 5 in Armour
  5490 | D:6      | Found a glowing silver altar of Zin.
  5558 | D:6      | Found a staircase to the Ecumenical Temple.
  5661 | Temple   | Entered the Ecumenical Temple
  5692 | Temple   | Became a worshipper of Warmaster Okawaru
  6094 | D:7      | Noticed a two-headed ogre
  6108 | D:7      | Killed a two-headed ogre
  6108 | D:7      | Reached skill level 5 in Short Blades
  6108 | D:7      | Reached skill level 5 in Shields
  6128 | D:7      | Found a flagged portal.
  6145 | Bailey   | Entered a bailey
  6221 | Bailey   | Reached * piety under Okawaru
  6333 | Bailey   | Noticed an orc knight
  6342 | Bailey   | Noticed an orc knight
  6364 | Bailey   | Killed an orc knight
  6364 | Bailey   | Reached XP level 10. HP: 22/61 MP: 10/10
  6408 | Bailey   | Killed an orc knight
  6408 | Bailey   | Reached skill level 5 in Dodging
  6765 | Bailey   | Noticed an orc warlord
  6799 | Bailey   | Reached ** piety under Okawaru
  6801 | Bailey   | Killed an orc warlord
  6801 | Bailey   | Reached skill level 6 in Short Blades
  6801 | Bailey   | Reached skill level 1 in Invocations
  6801 | Bailey   | Reached skill level 1 in Evocations
  6806 | Bailey   | Reached *** piety under Okawaru
  7057 | D:7      | Received a gift from Okawaru
  7462 | D:8      | Noticed a two-headed ogre
  7474 | D:8      | Reached XP level 11. HP: 54/67 MP: 12/12
  7499 | D:8      | Killed a two-headed ogre
  7671 | D:8      | Found Ycurr's Antique Armour Shop.
  7688 | D:8      | Bought a twisted cloak for 266 gold pieces
  7698 | D:8      | Identified the -4 cloak "Vuarpha" {*Drain rElec Slay+2}
                  | (You bought it in a shop on level 8 of the Dungeon)
  7731 | D:8      | Reached skill level 7 in Short Blades
  7749 | D:8      | Reached **** piety under Okawaru
  7823 | D:8      | Found Atybrajo's Antique Weapon Emporium.
  8105 | D:8      | Found Wassus's Gadget Boutique.
  8402 | D:8      | Identified a scroll of acquirement
  8692 | D:9      | Found a radiant altar of Vehumet.
  8692 | D:9      | Found a burning altar of Makhleb.
  8835 | D:9      | Found a hazy altar of Hepliaklqana.
  8859 | D:9      | Found a staircase to the Orcish Mines.
  9081 | D:9      | Found a stormy altar of Qazlal.
  9081 | D:9      | Found a white marble altar of Elyvilon.
  9082 | D:9      | Found an ornate altar of the Wu Jian Council.
  9306 | D:9      | Found a blossoming altar of Fedhas.
  9442 | D:10     | Entered Level 10 of the Dungeon
 10077 | D:10     | Found a runed translucent gate.
 10078 | D:10     | Found a runed translucent gate.
 10078 | D:10     | Found a runed translucent gate.
 10078 | D:10     | Noticed a red ugly thing
 10078 | D:10     | Noticed a glowing orange brain
 10079 | D:10     | Noticed a purple very ugly thing
 10079 | D:10     | Noticed a white ugly thing
 10079 | D:10     | Noticed a cyan ugly thing
 10081 | D:10     | Noticed a red ugly thing
 10142 | D:10     | Reached ***** piety under Okawaru
 10276 | D:11     | Noticed a two-headed ogre
 10287 | D:11     | Killed a two-headed ogre
 10318 | D:11     | Noticed Josephine
 10383 | D:11     | Killed Josephine
 10391 | D:11     | Reached skill level 8 in Short Blades
 10391 | D:11     | Reached XP level 12. HP: 64/74 MP: 15/15
 10460 | D:11     | Reached XP level 13. HP: 80/80 MP: 16/16
 10557 | D:11     | Received a gift from Okawaru
 10571 | D:11     | Got a pair of crude gloves {god gift}
 10577 | D:11     | Identified the +0 pair of gloves of Osajoxyph {rPois
                  | Slay+3} (Okawaru gifted it to you on level 11 of the
                  | Dungeon)
 10735 | D:11     | Reached skill level 10 in Stealth
 10836 | D:11     | Found a staircase to the Lair.
 11310 | D:12     | Found Jiatu's Assorted Antiques.
 11330 | D:12     | Reached skill level 9 in Short Blades
 11356 | D:12     | Bought a dented steel amulet for 165 gold pieces
 11356 | D:12     | Bought a dented fluorescent amulet for 165 gold pieces
 11412 | D:12     | Reached skill level 5 in Invocations
 12547 | D:13     | Found a gate to the Vaults.
 13228 | D:13     | Noticed a tengu reaver
 13248 | D:13     | HP: 4/82 [battlesphere[a tengu reaver] (22)]
 13257 | D:13     | Killed a tengu reaver
 13257 | D:13     | Reached skill level 5 in Evocations
 13310 | D:13     | Reached ****** piety under Okawaru
 13314 | D:13     | Noticed a fire dragon
 13325 | D:13     | Killed a fire dragon
 13325 | D:13     | Reached skill level 10 in Fighting
 13325 | D:13     | Reached skill level 10 in Short Blades
 13325 | D:13     | Gained mutation: Your large and strong wings let you fly
                  | indefinitely. [Gargoyle growth]
 13325 | D:13     | Reached XP level 14. HP: 60/88 MP: 18/18
 13732 | D:14     | Noticed Azrael
 13778 | D:14     | Killed Azrael
 13778 | D:14     | Received a gift from Okawaru
 13915 | D:13     | Reached skill level 10 in Armour
 14438 | D:15     | Entered Level 15 of the Dungeon
 14483 | D:15     | Received a gift from Okawaru
 14590 | D:15     | Found a staircase to the Depths.
 14718 | D:15     | Reached skill level 10 in Dodging
 15809 | D:10     | Killed a purple very ugly thing
 15831 | D:10     | Reached skill level 11 in Short Blades
 15842 | D:10     | Found a runed translucent gate.
 15842 | D:10     | Found a runed translucent gate.
 15858 | D:10     | Noticed Borgoz's ghost (journeyman KoFi)
 15859 | D:10     | Found a runed translucent gate.
 15899 | D:10     | Killed Borgoz's ghost
 16126 | D:10     | Gained mutation: You are somewhat resistant to further
                  | mutation. [mutagenic glow]
 16186 | D:11     | Gained mutation: Your spells are a little easier to cast,
                  | but a little less powerful. [mutagenic glow]
 16194 | Lair:1   | Entered Level 1 of the Lair of Beasts
 16237 | Lair:1   | Received a gift from Okawaru
 16406 | Lair:1   | Reached XP level 15. HP: 93/93 MP: 20/20
 17563 | Lair:2   | Found a staircase to the Snake Pit.
 18114 | Lair:3   | Found a staircase to the Swamp.
 19352 | Lair:5   | Received a gift from Okawaru
 19386 | Lair:5   | Got an iridescent quarterstaff {god gift}
 19514 | Lair:5   | Found a runed translucent door.
 19514 | Lair:5   | Found a viscous altar of Jiyva.
 19514 | Lair:5   | Noticed an acid blob
 19847 | Lair:5   | Found a staircase to the Slime Pits.
 19892 | Lair:5   | Killed an acid blob
 20167 | Lair:5   | Identified the Almanac of Igneous Cold
 20283 | Lair:5   | Found a runed translucent door.
 20285 | Lair:5   | Found a shimmering altar of Xom.
 20285 | Lair:5   | Noticed Bodu's ghost (journeyman NaFi)
 20352 | Lair:5   | Killed Bodu's ghost
 20523 | Lair:6   | Entered Level 6 of the Lair of Beasts
 20909 | Lair:6   | Reached skill level 12 in Short Blades
 21194 | Lair:6   | Received a gift from Okawaru
 21195 | Lair:6   | Got a brightly glowing rapier {god gift}
 21196 | Lair:6   | Identified the +6 rapier of Defence {speed, rPois} (Okawaru
                  | gifted it to you on level 6 of the Lair of Beasts)
 21415 | Lair:6   | Reached XP level 16. HP: 100/100 MP: 22/22
 22208 | Orc:1    | Entered Level 1 of the Orcish Mines
 22450 | Orc:1    | Found Zetiang's Antique Armour Boutique.
 22586 | Orc:2    | Entered Level 2 of the Orcish Mines
 22723 | Orc:2    | Found a frozen archway.
 22817 | IceCv    | Entered an ice cave
 23552 | Orc:2    | Found a staircase to the Elven Halls.
 24069 | Orc:1    | Paralysed by an orc sorcerer for 5 turns
 24214 | Orc:1    | Received a gift from Okawaru
 24962 | Orc:2    | Killed from afar by an orc high priest

Levels and vault maps discovered:
D:1:      dpeg_arrival_houses_and_road, layout_basic,
          hangedman_abyss_or_decor_stabs
D:2:      layout_loops_ring, old_standard_altar, serial_rivers,
          chequers_serial_rivers_room_b, chequers_serial_rivers_small_b,
          chequers_serial_rivers_room_b, chequers_serial_rivers_micro_e,
          chequers_serial_rivers_micro_b
D:3:      layout_rooms, kennysheep_slug_shrine, first_ration,
          minmay_misc_feat_roman, uniq_grinder, uniq_jessica
D:4:      layout_basic, lemuel_round_altar, nicolae_ossuary_entry_plus,
          gammafunk_ghost_necromancy, kennysheep_donut
D:5:      layout_basic, yredelemnul_forgotten_temple_becter, st_stairs_8,
          uniq_eustachio
D:6:      layout_basic, zin_academy, minmay_temple_entry_gardened_gates,
          basic_altar
D:7:      layout_rooms, enter_bailey_2
D:8:      layout_basic, serial_shops, nicolae_shop_crystal, shop, shop_fountains
D:9:      layout_basic, grunt_temple_overflow_lords_of_destruction,
          nicolae_overflow_crystal_walls, nicolae_overflow_quartered_altars,
          david_orc_3
D:10:     layout_long_grid, ploomutoo_gammafunk_ghost_potion_laboratory
D:11:     layout_stronghold, due_lair_maze_entry_diamond, uniq_josephine
D:12:     layout_gridville, serial_shops, shop_coins
D:13:     layout_basic, david_vaults_4, the_bakery, minmay_evil_grid
D:14:     layout_cave_pools, uniq_azrael
D:15:     gammafunk_depths_entry_grave, layout_small_grid, minmay_door_square
Temple:   chequers_temple_sunken
Lair:1:   layout_cave_pods
Lair:2:   layout_layer_cave, dummy_snake_entry
Lair:3:   layout_regular_city, swamp_mist
Lair:4:   layout_cave_pods, lemuel_fruit_fields
Lair:5:   layout_roguey, slime_altar_2, ebering_ghost_xom,
          nicolae_quartered_pool_little, minmay_holes, minmay_lair_oklob_chamber
Lair:6:   hangedman_lair_caniforms_friends, layout_concentric_octagons,
          guppyfry_lair_end_dragon
Orc:1:    layout_caves, serial_shops, nicolae_shop_statue_plus
Orc:2:    st_orc_pillars, layout_caves, portal_ice_cave_entry_pillars_1,
          nicolae_orc_tapped_out, uniq_rupert

Skill      XL: |  1  2  3  4  5  6  7  8  9 10 11 12 13 14 15 16 |
---------------+-------------------------------------------------+-----
Dodging        | 1 2 3 4 5 7 8 9 10 11 | 11.8
Short Blades   | 2 3 4 5 6 8 10 11 12 | 12.6
Armour         | 1 2 3 4 6 7 8 9 10 11 | 11.7
Shields        | 1 2 3 4 5 |  5.3
Stealth        | 5 6 7 8 9 10 | 10.0
Fighting       | 3 4 5 6 7 8 9 10 11 | 11.9
Invocations    | 2 4 6 7 8 9 |  9.3
Evocations     | 1 3 5 6 7 |  7.7
Spellcasting   | 2 |  2.5
Hexes          | 2 |  2.5
Throwing       | |  1.7

Action                   |  1- 3 |  4- 6 |  7- 9 | 10-12 | 13-15 | 16-18 || total
-------------------------+-------+-------+-------+-------+-------+-------++-------
Melee: Dagger            |   107 |   183 |   234 |       |       |       ||   524
       Short sword       |       |     3 |   352 |   411 |       |       ||   766
       Quick blade       |       |       |       |   408 |  1925 |   780 ||  3113
       Rapier            |       |       |       |       |    30 |     1 ||    31
Throw: Dart              |       |    12 |       |       |       |       ||    12
Invok: Heroism           |       |       |       |       |    13 |       ||    13
       Finesse           |       |       |       |       |     4 |       ||     4
 Abil: Fly               |       |       |       |       |       |     1 ||     1
Evoke: Wand              |       |     1 |     3 |     4 |     6 |       ||    14
  Use: Potion            |       |     4 |     2 |     7 |     6 |     1 ||    20
       Scroll            |       |    13 |    10 |     7 |    14 |     5 ||    49
 Stab: Sleeping          |    14 |     9 |    15 |    11 |    47 |     1 ||    97
       Paralysed         |       |       |     1 |       |     1 |       ||     2
       Invisible         |       |       |       |     4 |       |     6 ||    10
       Distracted        |       |       |       |     1 |     2 |       ||     3
  Eat: Chunk             |     2 |     4 |    13 |    19 |    32 |    12 ||    82
       Ration            |       |       |       |       |     1 |       ||     1
Armor: Robe              |    29 |       |       |       |       |       ||    29
       Skin              |       |    63 |       |       |     8 |       ||    71
       Ring mail         |       |    71 |   160 |   165 |   295 |   122 ||   813
       Troll leather arm |       |       |       |    36 |    61 |       ||    97
       Plate armour      |       |       |       |       |       |    76 ||    76
Dodge: Dodged            |    53 |    67 |   242 |   359 |   640 |   264 ||  1625
Block: Buckler           |     5 |    28 |    92 |   168 |   223 |    95 ||   611

Table legend:
 A = Non-vault XP
 B = Vault XP
 C = Vault XP percentage of total XP
 D = Non-vault monster count
 E = Vault monster count
 F = Vault count percentage of total count
                 A         B        C        D         E       F
            +---------+---------+-------+---------+---------+-------
      Total |   82575 |   58538 |  41.5 |     572 |     313 |  35.4
            +---------+---------+-------+---------+---------+-------
        D:1 |      39 |       0 |   0.0 |      20 |       0 |   0.0
        D:2 |      45 |       0 |   0.0 |      19 |       0 |   0.0
        D:3 |     126 |     295 |  70.1 |      19 |       3 |  13.6
        D:4 |     376 |     193 |  33.9 |      18 |       3 |  14.3
        D:5 |     883 |     233 |  20.9 |      26 |       3 |  10.3
        D:6 |     523 |       0 |   0.0 |       9 |       0 |   0.0
        D:7 |    1543 |       0 |   0.0 |      16 |       0 |   0.0
        D:8 |    3367 |       0 |   0.0 |      36 |       0 |   0.0
        D:9 |    1730 |     278 |  13.8 |      27 |       7 |  20.6
       D:10 |    1574 |    7189 |  82.0 |      30 |      13 |  30.2
       D:11 |    4140 |    3059 |  42.5 |      31 |      15 |  32.6
       D:12 |    8597 |       0 |   0.0 |      44 |       0 |   0.0
       D:13 |    4410 |    7750 |  63.7 |      15 |      13 |  46.4
       D:14 |    6127 |    2071 |  25.3 |      31 |       6 |  16.2
       D:15 |    8801 |    2893 |  24.7 |      26 |       8 |  23.5
     Lair:1 |    3055 |       0 |   0.0 |      14 |       0 |   0.0
     Lair:2 |    2876 |       0 |   0.0 |      10 |       0 |   0.0
     Lair:3 |    3207 |       0 |   0.0 |      17 |       0 |   0.0
     Lair:4 |    4068 |       0 |   0.0 |      18 |       0 |   0.0
     Lair:5 |    7572 |    6357 |  45.6 |      25 |       6 |  19.4
     Lair:6 |    7615 |   13531 |  64.0 |      27 |      73 |  73.0
      Orc:1 |    4458 |       0 |   0.0 |      38 |       0 |   0.0
      Orc:2 |    7443 |    5748 |  43.6 |      56 |      44 |  44.0
    Ossuary |       0 |     262 | 100.0 |       0 |      30 | 100.0
     Bailey |       0 |    4458 | 100.0 |       0 |      69 | 100.0
      IceCv |       0 |    4221 | 100.0 |       0 |      20 | 100.0
            +---------+---------+-------+---------+---------+-------
